 Seeded DCSS version 0.31-a0-204-g7da18cac08 (webtiles) character file.

Game seed: 17633129555192621764 (custom seed)

643 innerfire43 the Grave Robber (level 7, -1/52 HPs)
             Began as a Demonspawn Monk on June 27, 2023.
             Was a Believer of Cheibriados.
             Slain by an iguana (5 damage)
             ... on level 4 of the Dungeon.
             The game lasted 00:05:12 (3709 turns).

innerfire43 the Grave Robber (Demonspawn Monk)      Turns: 3709, Time: 00:05:12

Health: -1/52      AC:  8    Str: 19    XL:     7   Next: 26%
Magic:  7/7        EV: 13    Int: 16    God:    Cheibriados [**....]
Gold:   244        SH:  0    Dex: 20    Spells: 6/6 levels left

rFire   . . .        r - +2 trident (pain)
rCold   + . .        d - orb {light}
rNeg    . . .        y - +1 leather armour {rC+}
rPois   .            (no helmet)
rElec   .            (no cloak)
rCorr   .            k - +0 pair of gloves
SInv    .            (no boots)
Will    .....        (no amulet)
Stlth   +            l - ring of flight
HPRegen 0.28/turn    (no ring)
MPRegen 0.10/turn

%: no passive effects
@: flying, glowing, very slow
A: molten scales 2, demonic guardian 1, demonic touch 1
a: Renounce Religion, Bend Time


You were on level 4 of the Dungeon.
You worshipped Cheibriados.
Cheibriados was pleased with you.
You visited 2 branches of the dungeon, and saw 6 of its levels.

You collected 244 gold pieces.

Inventory:

Hand Weapons
 a - a +0 spear
 p - a +1 vampiric spear
 r - a +2 trident of pain (weapon)
 t - the +5 dagger "Ejuluzuwn" {protect, Dex+3}
   (You found it on level 3 of the Dungeon)

   Dex:       It affects your dexterity (+3).
Armour
 b - a +0 robe
 d - an orb of light (worn)
 k - a +0 pair of gloves (worn)
 y - a +1 leather armour of cold resistance (worn)
Jewellery
 l - a ring of flight (left hand)
Wands
 w - a wand of mindburst (10)
Scrolls
 e - 4 scrolls of amnesia {unknown}
 f - a scroll of identify {unknown}
 i - 4 scrolls of teleportation {unknown}
 j - 2 scrolls of enchant armour {unknown}
 o - 2 scrolls of enchant weapon {unknown}
 v - a scroll of summoning {unknown}
Potions
 c - a potion of ambrosia
 g - a potion of resistance {unknown}
 h - a potion of brilliance {unknown}
 m - a potion of mutation {unknown}
 n - 2 potions of attraction {unknown}
 q - a potion of haste {unknown}
 s - 2 potions of might {unknown}
 u - a potion of heal wounds {unknown}
 x - 2 potions of curing {unknown}


   Skills:
 - Level 3.0 Fighting
 + Level 5.0 Polearms
 - Level 3.0 Armour
 - Level 2.6 Dodging
 * Level 5.4 Necromancy


You had 6 spell levels left.
You didn't know any spells.
Your spell library contained the following spells:

 Spells                   Type           Power      Damage    Failure   Level
 Chain Lightning          Conj/Air       0%         N/A       100%        9
 Fire Storm               Conj/Fire      0%         5d1       100%        9
 Shatter                  Erth           0%         3d5*      100%        9


Dungeon Overview and Level Annotations

Branches:
Dungeon (5/15)             Temple (1/1) D:4

Altars:
Cheibriados
Fedhas
Gozag
Hepliaklqana
Makhleb
Qazlal
Ru
Sif Muna
Trog
Uskayaw
Vehumet
Wu Jian
Xom


Innate Abilities, Weirdness & Mutations

You are mostly covered in molten scales. (AC +3)
A weak demonic guardian rushes to your aid.
Your touch may inflict minor irresistible damage on your foes.


Message History

You hit the black bear.
The black bear is almost dead.
The black bear bites you.
A demonic guardian appears!
The black bear claws you but does no damage. x2
The iguana closely misses you.
A white imp comes into view.
The black bear bites you! The black bear claws you.
The black bear barely misses you. The orc closely misses you.
You are too injured to fight recklessly!
Unknown command.
You are too injured to fight recklessly!
Unknown command.
You are too injured to fight recklessly!
The black bear bites you.
* * * LOW HITPOINT WARNING * * *
The black bear claws you but does no damage. x2
The orc hits you but does no damage. The iguana barely misses you.
Your shadow imp barely misses the orc.
You fly upwards.
There is a stone staircase leading down here.
You puncture the black bear!
You kill the black bear!
Cheibriados thoroughly appreciates the change of pace.
The iguana barely misses you. The orc hits you but does no damage.
Your Polearms skill increases to level 5!
The iguana bites you.
* * * LOW HITPOINT WARNING * * *
The orc hits you but does no damage.
You hit the orc.
The orc is heavily wounded.
The orc barely misses you.
The iguana bites you but does no damage.
You puncture the orc!
You kill the orc!
Cheibriados appreciates the change of pace.
The iguana bites you.
* * * LOW HITPOINT WARNING * * *
A demonic guardian appears!
The iguana attacks as you move away! The iguana bites you.
You die...

##[.#.....##
#).##...## # #..###.##
# #..# #.# # #..# #.#
# ###############..#
#.# #
#..^..........5..# #.#
#####.#########l.....#
#.# (.....# #>@.####
#.# ####### ##)## #.#
#.# #.# #.# #.# #.#
#.# #.# #.# #.#
####(## ###########.#
#.....# #
#...........# #.##.##


You could see an iguana (ally target) and a friendly iron imp (summoned).

Vanquished Creatures
  A black bear (D:4)
  A scorpion (D:4)
  An orc priest (D:4)
  A hound (D:4)
  2 jellies
  An iguana (D:4)
  Ijyb (D:4)
  Terence (D:3)
  2 orc wizards (D:4)
  Robin (D:4)
  A gnoll (D:4)
  8 adders
  A worm (D:4)
  4 dart slugs
  18 orcs
  8 ball pythons
  2 bats
  6 endoplasms
  4 giant cockroaches
  14 goblins
  9 hobgoblins
  4 jackals (D:1)
  8 kobolds
  4 quokkas
  4 frilled lizards
  3 rats
110 creatures vanquished.

Vanquished Creatures (collateral kills)
  An orc wizard (D:4)
1 creature vanquished.

Grand Total: 111 creatures vanquished

Notes
Turn   | Place    | Note
-------+----------+-------------------------------------------
     0 | D:1      | innerfire43 the Demonspawn Monk began the quest for the
                  | Orb.
     0 | D:1      | Reached XP level 1. HP: 18/18 MP: 1/1
   246 | D:1      | Gained mutation: You are partially covered in molten
                  | scales. (AC +2) [demonic ancestry]
   246 | D:1      | Reached XP level 2. HP: 24/24 MP: 2/2
   248 | D:1      | Reached skill level 1 in Armour
   637 | D:1      | Gained mutation: You are mostly covered in molten scales.
                  | (AC +3) [demonic ancestry]
   637 | D:1      | Reached XP level 3. HP: 29/29 MP: 3/3
  1092 | D:2      | Gained mutation: A weak demonic guardian rushes to your
                  | aid. [demonic ancestry]
  1092 | D:2      | Reached XP level 4. HP: 35/35 MP: 4/4
  1125 | D:2      | Found a sacrificial altar of Ru.
  1634 | D:3      | Noticed Terence
  1642 | D:3      | Killed Terence
  1643 | D:3      | Reached skill level 1 in Necromancy
  1807 | D:3      | Identified the +5 dagger "Ejuluzuwn" {protect, Dex+3}
  2042 | D:3      | Reached XP level 5. HP: 41/41 MP: 5/5
  2590 | D:4      | Found a burning altar of Makhleb.
  2677 | D:4      | Noticed Robin
  2687 | D:4      | Killed Robin
  2695 | D:4      | Reached XP level 6. HP: 45/47 MP: 6/6
  2774 | D:4      | Noticed Ijyb
  2791 | D:4      | Killed Ijyb
  3085 | D:4      | Found a staircase to the Ecumenical Temple.
  3109 | D:4      | Found a blossoming altar of Fedhas.
  3127 | Temple   | Entered the Ecumenical Temple
  3140 | Temple   | Became a worshipper of Cheibriados the Contemplative
  3140 | Temple   | Reached * piety under Cheibriados
  3140 | Temple   | Reached ** piety under Cheibriados
  3447 | D:4      | Gained mutation: Your touch may inflict minor irresistible
                  | damage on your foes. [demonic ancestry]
  3447 | D:4      | Reached XP level 7. HP: 40/52 MP: 7/7
  3577 | D:4      | Found a sacrificial altar of Ru.
  3630 | D:4      | Found a shimmering altar of Xom.
  3695 | D:5      | Entered Level 5 of the Dungeon
  3698 | D:5      | Reached skill level 5 in Necromancy
  3706 | D:4      | Reached skill level 5 in Polearms
  3709 | D:4      | Slain by an iguana

Illustrated notes

Levels and vault maps discovered:
D:1:      saegor_arrival_simple_a, layout_loops_ring, minmay_tetromino_t2
D:2:      layout_basic, basic_altar
D:3:      layout_loops_corners, zin_academy, grunt_ministairs_3, uniq_terence
D:4:      layout_loops_ring, nicolae_ru_the_path_less_chosen, fedhas_altar_3,
          minitemple, kennysheep_mini, minmay_temple_entry_butterflies,
          grunt_tough_drop, uniq_robin, uniq_ijyb
D:5:      minmay_clustersquares, layout_loops_ring, st_stairs_11, uniq_menkaure
Temple:   nicolae_temple_bog_church

Skill      XL: |  1  2  3  4  5  6  7 |
---------------+----------------------+-----
Polearms       | 3 4 5 |  5.0
Armour         | 1 2 3 |  3.0
Necromancy     | 1 3 4 5 |  5.4
Fighting       | |  3.0
Dodging        | |  2.6

Action                     |  1- 3 |  4- 6 |  7- 9 || total
---------------------------+-------+-------+-------++-------
  Melee: Spear             |   127 |    26 |       ||   153
         Trident           |       |   158 |    13 ||   171
   Stab: Sleeping          |       |     1 |       ||     1
 Armour: Robe              |    25 |    34 |       ||    59
         Leather armour    |       |    21 |    13 ||    34
  Dodge: Dodged            |    44 |   116 |    20 ||   180

Table legend: (Time is in decaauts)
 A = Elapsed time spent in this place.
 B = Non-inter-level travel time spent in this place.
 C = Inter-level travel time spent in this place.
 D = Time resting spent in this place.
 E = Time spent auto-exploring this place.
 F = Levels seen in this place.
 G = Mean time per level.
                   A        B        C        D        E       F      G
               +--------+--------+--------+--------+--------+-----+--------+
         Total |   3877 |   3549 |    328 |      0 |   2818 |   6 |  646.2 |
       Dungeon |   3845 |   3517 |    328 |      0 |   2818 |   5 |  769.0 |
        Temple |     32 |     32 |      0 |      0 |      0 |   1 |   32.0 |
               +--------+--------+--------+--------+--------+-----+--------+

Top non-repeatable levels by time:
     D:4: 1375 daAuts
     D:3: 1225 daAuts
     D:1: 798 daAuts
     D:2: 437 daAuts
  Temple: 32 daAuts
     D:5: 8 daAuts
